 Dungeon Crawl Stone Soup version 0.26-a0-393-g67388ea477 (webtiles) character file.

Game seed: 783010802331825773

433 Efemafry the Grasshopper (level 7, -3/56 HPs)
             Began as a Gnoll Warper on July 22, 2020.
             Was a Follower of the Shining One.
             Slain by a centaur (5 damage)
             ... on level 5 of the Dungeon.
             The game lasted 00:09:45 (4688 turns).

Efemafry the Grasshopper (Gnoll Warper)             Turns: 4688, Time: 00:09:46

Health: -3/56      AC:  3    Str: 16    XL:     7   Next: 0%
Magic:  24/24      EV: 14    Int: 15    God:    the Shining One [*.....]
Gold:   254        SH:  0    Dex: 14    Spells: 5/16 levels left

rFire    . . .     SeeInvis +   a - +0 spear
rCold    . . .     Faith    .   (no shield)
rNeg     . . .     Spirit   .   b - +0 leather armour
rPois    .         Reflect  .   (no helmet)
rElec    .         Harm     .   (no cloak)
rCorr    .                      (no gloves)
MR       .....                  (no boots)
Stlth    +.........             v - amulet of the acrobat
HPRegen  0.18/turn              j - ring of magical power
MPRegen  0.19/turn              B - ring of see invisible

@: glowing
A: distributed training, fangs 1, strong nose
a: Renounce Religion


You were on level 5 of the Dungeon.
You worshipped the Shining One.
The Shining One was aware of your devotion.
You visited 1 branch of the dungeon, and saw 5 of its levels.

You collected 254 gold pieces.

Inventory:

Hand Weapons
 a - a +0 spear (weapon)
 t - a +0 arbalest
Missiles
 e - 5 boomerangs of dispersal
 h - 29 poisoned darts (quivered)
 i - 2 boomerangs
 m - 7 datura-tipped darts
Armour
 b - a +0 leather armour (worn)
 u - a +0 plate armour
Jewellery
 c - an uncursed amulet of faith
 j - a ring of magical power (left hand)
 k - an uncursed amulet of faith
 n - an uncursed ring of protection from fire {unknown}
 v - an amulet of the acrobat (around neck)
 y - a cursed ring of attention {unknown}
 B - a ring of see invisible (right hand)
Scrolls
 d - a scroll of blinking
 o - a scroll of magic mapping {unknown}
 q - a scroll of identify
 r - 2 scrolls of fog {unknown}
 w - a scroll of random uselessness {unknown}
 A - a scroll of fear {unknown}
Potions
 f - 4 potions of curing {unknown}
 g - 2 potions of might {unknown}
 l - a potion of stabbing {unknown}
 s - a potion of berserk rage {unknown}
 x - 2 potions of cancellation {unknown}
 z - a potion of mutation {unknown}
 D - 2 potions of lignification {unknown}


   Skills:
 + Level 5.1 Fighting
 + Level 2.2 Short Blades
 + Level 2.2 Long Blades
 + Level 2.2 Axes
 + Level 2.2 Maces & Flails
 + Level 5.1 Polearms
 + Level 2.2 Staves
 + Level 2.2 Slings
 + Level 2.2 Bows
 + Level 2.2 Crossbows
 + Level 3.4 Throwing
 + Level 3.4 Armour
 + Level 5.1 Dodging
 + Level 2.2 Stealth
 + Level 2.2 Shields
 + Level 2.2 Unarmed Combat
 + Level 5.4 Spellcasting
 + Level 1.7 Conjurations
 + Level 1.7 Hexes
 + Level 1.7 Summonings
 + Level 1.7 Necromancy
 + Level 5.7 Translocations
 + Level 1.7 Transmutations
 + Level 1.7 Fire Magic
 + Level 1.7 Ice Magic
 + Level 1.7 Air Magic
 + Level 1.7 Earth Magic
 + Level 1.7 Poison Magic
 + Level 2.4 Invocations
 + Level 2.2 Evocations


You had 5 spell levels left.
You knew the following spells:

 Your Spells              Type           Power        Failure   Level
a - Blink                 Tloc           N/A          2%          2
b - Gell's Gravitas       Tloc           ###.......   5%          3
c - Lesser Beckoning      Tloc           ###.......   5%          3
d - Teleport Other        Tloc           ###.....     5%          3

Your spell library contained the following spells:

 Spells                   Type           Power        Failure   Level
 Passage of Golubria      Tloc           N/A          17%         4


Dungeon Overview and Level Annotations

Branches:
Dungeon (5/15)
 Temple: D:4-7

Altars:
Cheibriados
Elyvilon
Kikubaaqudgha
Sif Muna
Trog
Xom
Yredelemnul
The Shining One


Innate Abilities, Weirdness & Mutations

Your experience applies equally to all skills.
You have very sharp teeth.
Your uncanny sense of smell can sniff out nearby items.


Message History

The centaur hits you!
* * * LOW HITPOINT WARNING * * *
You see here 3 arrows.
You barely miss the centaur.
The centaur is almost dead.
The centaur misses you.
You see here 3 arrows.
You hit the centaur but do no damage.
The centaur is almost dead.
The centaur hits you.
* * * LOW HITPOINT WARNING * * *
You see here 3 arrows.
You hit the centaur but do no damage.
The centaur is almost dead.
The centaur misses you. The centaur closely misses you.
You see here 3 arrows.
You hit the centaur but do no damage.
The centaur is severely wounded.
The centaur hits you.
You die...

#.# ###...## #.#
#...# #.# #...# #.#
#...#
#.#########...####
##.##..............
#..(...............
#.(##..............
#.@#########...####
#..(.c# #...#
#>.#.## #...# #..#.
#...... #. #.
#....## . #. #. ..
##


You could see a centaur.

Vanquished Creatures
  A phantom (D:3)
  2 scorpions (D:4)
  2 orc wizards (D:3)
  2 worker ants (D:4)
  A hound skeleton (D:4)
  6 adders
  An adder zombie (D:4)
  An adder skeleton (D:3)
  2 worms
  6 leopard geckos
  5 orcs
  3 giant cockroaches (D:1)
  6 goblins
  4 hobgoblins
  6 jackals
  8 kobolds
  2 ball pythons
  5 bats
  8 frilled lizards
  6 rats
77 creatures vanquished.

Notes
Turn   | Place    | Note
-------+----------+-------------------------------------------
     0 | D:1      | Efemafry the Gnoll Warper began the quest for the Orb.
     0 | D:1      | Reached XP level 1. HP: 20/20 MP: 6/6
   232 | D:1      | Reached XP level 2. HP: 24/26 MP: 7/7
   510 | D:1      | Reached XP level 3. HP: 31/31 MP: 9/9
   529 | D:1      | Reached skill level 5 in Spellcasting
   547 | D:1      | Learned a level 2 spell: Blink
   551 | D:1      | Learned a level 3 spell: Gell's Gravitas
   555 | D:1      | Learned a level 3 spell: Lesser Beckoning
   559 | D:1      | Learned a level 3 spell: Teleport Other
   853 | D:2      | Found an ancient bone altar of Kikubaaqudgha.
   860 | D:2      | Reached skill level 1 in Invocations
   916 | D:2      | Reached skill level 1 in Short Blades
   916 | D:2      | Reached skill level 1 in Long Blades
   916 | D:2      | Reached skill level 1 in Axes
   916 | D:2      | Reached skill level 1 in Maces & Flails
   916 | D:2      | Reached skill level 1 in Staves
   916 | D:2      | Reached skill level 1 in Slings
   916 | D:2      | Reached skill level 1 in Bows
   916 | D:2      | Reached skill level 1 in Crossbows
   916 | D:2      | Reached skill level 1 in Stealth
   916 | D:2      | Reached skill level 1 in Shields
   916 | D:2      | Reached skill level 1 in Unarmed Combat
   916 | D:2      | Reached skill level 1 in Evocations
  1280 | D:2      | Reached XP level 4. HP: 38/38 MP: 11/11
  1357 | D:2      | Found a glowing golden altar of the Shining One.
  1369 | D:2      | Became a worshipper of the Shining One
  1696 | D:3      | Reached skill level 1 in Conjurations
  1696 | D:3      | Reached skill level 1 in Hexes
  1696 | D:3      | Reached skill level 1 in Summonings
  1696 | D:3      | Reached skill level 1 in Necromancy
  1696 | D:3      | Reached skill level 1 in Transmutations
  1696 | D:3      | Reached skill level 1 in Fire Magic
  1696 | D:3      | Reached skill level 1 in Ice Magic
  1696 | D:3      | Reached skill level 1 in Air Magic
  1696 | D:3      | Reached skill level 1 in Earth Magic
  1696 | D:3      | Reached skill level 1 in Poison Magic
  1853 | D:3      | Reached XP level 5. HP: 38/43 MP: 12/12
  2220 | D:3      | Found a basalt altar of Yredelemnul.
  2222 | D:3      | Found a shimmering altar of Xom.
  2222 | D:3      | Found a shimmering altar of Xom.
  2300 | D:3      | Found a shimmering blue altar of Sif Muna.
  2300 | D:3      | Found a bloodstained altar of Trog.
  2300 | D:3      | Found a snail-covered altar of Cheibriados.
  2523 | D:3      | Noticed a phantom
  2572 | D:3      | Killed a phantom
  2572 | D:3      | Reached XP level 6. HP: 14/50 MP: 13/13
  3610 | D:4      | Found a white marble altar of Elyvilon.
  3672 | D:4      | Reached skill level 5 in Fighting
  3672 | D:4      | Reached skill level 5 in Polearms
  3672 | D:4      | Reached skill level 5 in Dodging
  4477 | D:5      | Entered Level 5 of the Dungeon
  4500 | D:5      | Got a masterwork mace
  4501 | D:5      | Identified the cursed +1 mace of Ydun {drain, Str+3} (You
                  | found it on level 5 of the Dungeon)
  4530 | D:5      | Reached * piety under the Shining One
  4546 | D:5      | Reached XP level 7. HP: 54/56 MP: 15/15
  4686 | D:5      | HP: 1/56 [centaur (3)]
  4688 | D:5      | Slain by a centaur

Illustrated notes

Levels and vault maps discovered:
D:1:      nzn_arrival_water_spiral, layout_loops_ring
D:2:      layout_rooms, overflow_temple_1_default, lemuel_crystal_altar
D:3:      layout_loops_corners, doesnt_xom_only_xom
D:4:      layout_basic, elyvilon_altar_3
D:5:      layout_loops_cross, overflow_temple_1_default

Skill      XL: |  1  2  3  4  5  6 |
---------------+-------------------+-----
Spellcasting   | 5 |  5.4
Invocations    | 1 2 |  2.4
Short Blades   | 1 2 |  2.2
Long Blades    | 1 2 |  2.2
Axes           | 1 2 |  2.2
Maces & Flails | 1 2 |  2.2
Staves         | 1 2 |  2.2
Slings         | 1 2 |  2.2
Bows           | 1 2 |  2.2
Crossbows      | 1 2 |  2.2
Stealth        | 1 2 |  2.2
Shields        | 1 2 |  2.2
Unarmed Combat | 1 2 |  2.2
Evocations     | 1 2 |  2.2
Conjurations   | 1 |  1.7
Hexes          | 1 |  1.7
Summonings     | 1 |  1.7
Necromancy     | 1 |  1.7
Transmutations | 1 |  1.7
Fire Magic     | 1 |  1.7
Ice Magic      | 1 |  1.7
Air Magic      | 1 |  1.7
Earth Magic    | 1 |  1.7
Poison Magic   | 1 |  1.7
Throwing       | 3 |  3.4
Armour         | 3 |  3.4
Fighting       | 5 |  5.1
Polearms       | 5 |  5.1
Dodging        | 5 |  5.1
Translocations | |  5.7

Action                   |  1- 3 |  4- 6 |  7- 9 || total
-------------------------+-------+-------+-------++-------
Melee: Spear             |   152 |   229 |    12 ||   393
       Bite              |    10 |    25 |     2 ||    37
       Punch             |     1 |     2 |       ||     3
Throw: Dart              |     8 |    27 |       ||    35
  Use: Scroll            |       |     5 |       ||     5
 Stab: Sleeping          |     3 |       |       ||     3
Armor: Leather armour    |    28 |    19 |       ||    47
Dodge: Dodged            |    84 |   127 |     9 ||   220

Table legend: (Time is in decaauts)
 A = Elapsed time spent in this place.
 B = Non-inter-level travel time spent in this place.
 C = Inter-level travel time spent in this place.
 D = Time resting spent in this place.
 E = Time spent auto-exploring this place.
 F = Levels seen in this place.
 G = Mean time per level.
                   A        B        C        D        E       F      G
               +--------+--------+--------+--------+--------+-----+--------+
         Total |   4628 |   4614 |     14 |    238 |   3587 |   5 |  925.6 |
       Dungeon |   4628 |   4614 |     14 |    238 |   3587 |   5 |  925.6 |
               +--------+--------+--------+--------+--------+-----+--------+

Top non-repeatable levels by time:
     D:3: 1589 daAuts
     D:4: 1335 daAuts
     D:1: 805 daAuts
     D:2: 690 daAuts
     D:5: 206 daAuts
